 Dungeon Crawl Stone Soup version 0.21-a0-442-g848f44b (webtiles) character file.

76 Inectha the Chiller (level 4, -1/30 HPs)
             Began as a Human Ice Elementalist on Nov 12, 2017.
             Killed from afar by Natasha (6 damage)
             ... with a magic dart
             ... on level 2 of the Dungeon on Nov 13, 2017.
             The game lasted 00:23:03 (1400 turns).

Inectha the Chiller (Human Ice Elementalist)        Turns: 1400, Time: 00:23:04

Health: -1/30      AC:  3    Str:  8    XL:     4   Next: 57%
Magic:  0/7        EV: 12    Int: 16    God:
Gold:   97         SH:  0    Dex: 14    Spells: 1/7 levels left

rFire    . . .     SeeInvis .   (no weapon)
rCold    . . .     Gourm    .   (no shield)
rNeg     . . .     Faith    .   a - +0 robe
rPois    .         Spirit   .   (no helmet)
rElec    .         Reflect  .   (no cloak)
rCorr    .         Harm     .   (no gloves)
MR       .....                  i - +0 pair of boots
Stlth    ++........             (no amulet)
HPRegen  0.10/turn              (no ring)
MPRegen  0.10/turn              (no ring)

@: slowed, very slow
A: no striking features
a: no special abilities


You were on level 2 of the Dungeon.
You were not hungry.

You visited 1 branch of the dungeon, and saw 2 of its levels.

You collected 97 gold pieces.

Inventory:

Armour
 a - a +0 robe (worn)
 i - a +0 pair of boots (worn)
Jewellery
 g - a cursed ring of loudness {unknown}
Scrolls
 h - a scroll of identify {unknown}
 j - a scroll of noise {unknown}
Potions
 c - a potion of mutation {unknown}
 e - 2 potions of curing {unknown}
 l - a potion of magic {unknown}
Books
 b - a book of Frost

   Spells                             Type                      Level
   a - Freeze                         Ice                          1
   b - Throw Frost                    Conjuration/Ice              2
   c - Ozocubu's Armour               Charms/Ice                   3
   d - Throw Icicle                   Conjuration/Ice              4
   e - Summon Ice Beast               Ice/Summoning                4
Comestibles
 d - 2 meat rations
 f - a fruit
 k - a bread ration
 m - 5 chunks of flesh


   Skills:
 - Level 2.0 Dodging
 - Level 2.0 Stealth
 - Level 2.0 Spellcasting
 - Level 1.0 Conjurations
 + Level 5.0 Ice Magic


You had one spell level left.
You knew the following spells:

 Your Spells              Type           Power        Failure   Level  Hunger
a - Freeze                Ice            ###.         2%          1    #......
b - Throw Frost           Conj/Ice       ##....       9%          2    ###....
c - Ozocubu's Armour      Chrm/Ice       #.......     22%         3    ###....


Dungeon Overview and Level Annotations

Branches:
Dungeon (2/15)

Altars:

Annotations:
D:2 Natasha


Message History

Natasha casts a spell at you. You resist with some effort.
Number of times to repeat, then command key: You must enter the number of times for the command to repeat.
Natasha mumbles some strange words.
Natasha glows brightly for a moment.
Natasha claws you but does no damage.
You see here a rat corpse.
Casting: Freeze
Confirm with . or Enter, or press ? or * to list all spells.
Aiming: Freeze
Press: ? - help, Shift-Dir - straight line, f/p - Natasha
Aim: Natasha (severely wounded)
You freeze Natasha.
Natasha is almost dead.
Natasha closely misses you.
Natasha mumbles some strange words.
Natasha stares at you and mumbles some strange words.
The magic dart hits you!
You die...

#...#.#
######..##.#
#..........#
#.####..#..# #.#
#..#..# #.#
#..#.5# #.#
#..#h.#
#.####..#†.#
#.##....@..#
#.##.####.####
#.....<.......
#.##.####.####
#.##.# #.#
..#####[##.####.#
..........<.....#
..............###
..###########.#


You could see Natasha and a crimson imp.

Vanquished Creatures
  Jessica (D:2)
  Natasha (D:2)
  2 ball pythons (D:1)
  2 giant cockroaches (D:1)
  5 goblins (D:1)
  2 hobgoblins (D:1)
  3 kobolds (D:1)
  4 bats (D:1)
  5 rats
25 creatures vanquished.

Notes
Turn   | Place    | Note
-------+----------+-------------------------------------------
     0 | D:1      | Inectha the Human Ice Elementalist began the quest for the Orb.
     0 | D:1      | Reached XP level 1. HP: 13/13 MP: 3/3
   220 | D:1      | Reached XP level 2. HP: 18/19 MP: 1/5
   935 | D:1      | Reached skill level 4 in Ice Magic
   935 | D:1      | Reached XP level 3. HP: 24/24 MP: 3/6
  1225 | D:2      | Learned a level 2 spell: Throw Frost
  1229 | D:2      | Learned a level 3 spell: Ozocubu's Armour
  1277 | D:2      | Noticed Natasha
  1286 | D:2      | Killed Natasha
  1286 | D:2      | Reached XP level 4. HP: 16/30 MP: 2/7
  1337 | D:2      | Noticed Jessica
  1346 | D:2      | Killed Jessica
  1346 | D:2      | Reached skill level 5 in Ice Magic
  1372 | D:2      | Noticed Natasha
  1400 | D:2      | Killed from afar by Natasha

Vault maps used:
D:1:      evilmike_arrival_home_sweet_home, kennysheep_pointless_box,
          st_stairs_7, minmay_tall_x
D:2:      nemelex_xobeh_ov_fountains_minmay, minmay_split_cup_large,
          uniq_natasha, uniq_jessica, uniq_crazy_yiuf_cottage

Skill      XL: |  1  2  3  4 |
---------------+-------------+-----
Ice Magic      | 4 5 |  5.0
Dodging        | |  2.0
Stealth        | |  2.0
Spellcasting   | |  2.0
Conjurations   | |  1.0

Action                   |  1- 3 |  4- 6 || total
-------------------------+-------+-------++-------
Melee: Unarmed           |     2 |       ||     2
 Cast: Freeze            |    39 |     3 ||    42
       Throw Frost       |     1 |     4 ||     5
       Ozocubu's Armour  |       |     1 ||     1
  Use: Scroll            |     1 |       ||     1
  Eat: Bread ration      |     1 |       ||     1
Armor: Robe              |     4 |     2 ||     6
Dodge: Dodged            |    24 |     1 ||    25

Table legend:
 A = Spawn XP
 B = Non-spawn XP
 C = Spawn XP percentage of total XP
 D = Spawn monster count
 E = Non-spawn monster count
 F = Spawn count percentage of total count
 G = Total turns spent on level
                    A         B        C        D         E        F      G
               +---------+---------+-------+---------+---------+-------+---------
         Total |       0 |     109 |   0.0 |       0 |      25 |   0.0 |  1400
               +---------+---------+-------+---------+---------+-------+---------
           D:1 |       0 |      35 |   0.0 |       0 |      22 |   0.0 |  1221
           D:2 |       0 |      74 |   0.0 |       0 |       3 |   0.0 |   179
               +---------+---------+-------+---------+---------+-------+---------
